 Dungeon Crawl Stone Soup version 0.32-a0-868-g153ae1a8d6 (webtiles) character file.

Game seed: 9978839004393544827

4423 TwadoKnight the Blocker (level 10, -1/92 HPs)
             Began as a Minotaur Fighter on Mar 29, 2024.
             Was an Initiate of Gozag.
             Constricted to death by Erica (2 damage)
             ... on level 8 of the Dungeon.
             The game lasted 00:07:26 (6732 turns).

TwadoKnight the Blocker (Minotaur Fighter)          Turns: 6732, Time: 00:07:26

Health: -1/92      AC: 10    Str: 24    XL:     10   Next: 14%
Magic:  9/9        EV:  0    Int:  5    God:    Gozag
Gold:   249        SH:  6    Dex: 11    Spells: 9/9 levels left

rFire   + + .        a - +0 war axe (protect)
rCold   . . .        c - +0 buckler
rNeg    . . .        h - +0 steam dragon scales
rPois   .            (helmet restricted)
rElec   .            (no cloak)
rCorr   .            g - +0 pair of gloves
SInv    .            F - +0 pair of boots
Will    .....        (no amulet)
Stlth   +            t - ring of protection from fire
HPRegen 0.35/turn    y - ring of protection from fire
MPRegen 0.11/turn

%: no passive effects
@: mighty, constricted
A: horns 2, retaliatory headbutt
a: Renounce Religion, Potion Petition, Call Merchant, Bribe Branch


You were on level 8 of the Dungeon.
You worshipped Gozag.
Gozag was aware of your devotion.
You visited 2 branches of the dungeon, and saw 9 of its levels.
You also visited: Sewer.

You collected 381 gold pieces.
You spent 46 gold pieces at shops.
You paid 86 gold pieces to Gozag.

Inventory:

Hand Weapons
 a - a +0 war axe of protection (weapon)
 z - a +2 whip of electrocution
   (You took it off Pikel on level 4 of the Dungeon)
 B - a +0 broad axe
   (You found it on level 4 of the Dungeon)
Missiles
 k - 2 throwing nets (quivered) {!f}
 n - a curare-tipped dart
 x - 4 javelins
Armour
 b - a +0 scale mail
 c - a +0 buckler (worn)
 g - a +0 pair of gloves (worn)
   (You found it on level 1 of the Dungeon)
 h - +0 steam dragon scales (worn)
   (You took it off Maggie on level 7 of the Dungeon)
 F - a +0 pair of boots (worn)
   (You found it on level 6 of the Dungeon)
Jewellery
 t - a ring of protection from fire (left hand)
   (You found it on level 3 of the Dungeon)
 y - a ring of protection from fire (right hand)
   (You found it on level 4 of the Dungeon)
Scrolls
 e - 4 scrolls of teleportation {unknown}
 j - a scroll of butterflies {unknown}
 l - a scroll of blinking {@r4}
 r - 2 scrolls of fog {unknown}
 w - 4 scrolls of amnesia {unknown}
 A - a scroll of vulnerability
 C - 2 scrolls of identify {@r1}
 D - a scroll of poison
 E - a scroll of torment {unknown}
 G - 2 scrolls of silence {unknown}
Potions
 d - a potion of might {@q3 !q}
 f - a potion of ambrosia
 i - 4 potions of curing {@q1 !q}
 m - 2 potions of brilliance {unknown}
 o - 2 potions of attraction {unknown}
 p - a potion of magic {unknown}
 q - 3 potions of degeneration {unknown}
 s - 3 potions of haste {unknown}
 u - 2 potions of enlightenment {unknown}
 v - a potion of experience {unknown}


   Skills:
 + Level 9.6 Fighting
 + Level 9.2 Axes
 + Level 9.6 Armour
 + Level 9.6 Shields


You had 9 spell levels left.
You didn't know any spells.
Your spell library contained the following spells:

 Spells                   Type           Power      Damage    Failure   Level
 Magic Dart               Conj           0%         1d3       52%         1
 Cigotuvi's Dreadful Rot  Necr/Alch/Air  0%         N/A       67%         2
 Ensorcelled Hibernation  Hex/Ice        0%         N/A       67%         2
 Searing Ray              Conj           0%         2d4       67%         2
 Passwall                 Erth           0%         N/A       88%         3
 Swiftness                Air            0%         N/A       88%         3
 Anguish                  Hex/Necr       0%         N/A       99%         4
 Brom's Barrelling Bould  Conj/Erth      0%         2d3       99%         4
 Cause Fear               Hex            0%         N/A       99%         4
 Fulminant Prism          Conj/Alch      0%         3d5       99%         4
 Ignite Poison            Fire/Alch      0%         N/A       99%         4
 Fireball                 Conj/Fire      0%         3d3       100%        5
 Freezing Cloud           Conj/Ice/Air   0%         6-21      100%        5
 Iskenderun's Battlesphe  Conj           0%         2d6       100%        5
 Conjure Ball Lightning   Conj/Air       0%         3x3d6     100%        6
 Enfeeble                 Hex            0%         N/A       100%        7
 Orb of Destruction       Conj           0%         9d5       100%        7
 Ignition                 Fire           0%         3d3       100%        8


Dungeon Overview and Level Annotations

Branches:
Dungeon (8/15) Zot: 26668  Temple (1/1) D:7 Zot: 5978   Sewer (visited)
   Lair: D:8-11

Altars:
Ashenzari
Dithmenos
Fedhas
Gozag
Hepliaklqana
Kikubaaqudgha
Makhleb
Nemelex Xobeh
Okawaru
Qazlal
Ru
Sif Muna
Trog
Uskayaw
Vehumet
Wu Jian
Xom
Yredelemnul
Zin
The Shining One

Shops:
D:2 ?   D:3 :   D:5 *   D:7 :

Annotations:
D:8 Erica


Innate Abilities, Weirdness & Mutations

You have a pair of horns on your head.
You reflexively headbutt those who attack you in melee.


Message History

An orc priest comes into view. It is wielding a +0 whip.
An orc comes into view. It is wielding a +0 flail.
You hit the orc but do no damage.
Your weapon exudes an aura of protection.
The orc hits you but does no damage.
You hit the orc. You headbutt the orc.
You kill the orc!
You hit the orc priest.
The orc priest is lightly wounded.
The orc priest looks satisfied for a moment.
You hit the orc priest.
The orc priest is moderately wounded.
The orc priest hits you but does no damage.
You slash the orc priest!
You kill the orc priest!
You slash the orc!
You kill the orc!
You hit the orc. You headbutt the orc.
You kill the orc!
An orc comes into view. It is wielding a +0 dagger.
Items here: $ )))) [[[.
You barely miss the orc. You block the orc's attack.
You completely miss the orc. You block the orc's attack.
You slash the orc!
You kill the orc!
No target in view!
No target in view!
No target in view!
No target in view!
No target in view!
No target in view!
No target in view!
No target in view!
No target in view!
No target in view!
No target in view!
You now have 223 gold pieces (gained 23).
Items here: )))) [[[.
You now have 229 gold pieces (gained 6).
You see here a +0 dagger.
You now have 249 gold pieces (gained 20).
C - 2 scrolls of identify {@r1} (gained 1) Erica the Fiery-Tempered comes into view.
She is wielding a +1 scimitar of flaming.
Erica shouts!
Erica is nearby!
Erica is nearby!
Erica is nearby!
Erica stares at you and mumbles some strange words.
You resist with significant effort.
You barely miss Erica.
Erica hits you with a +1 scimitar of flaming!
Erica grabs you. Erica constricts you.
You closely miss Erica.
Erica hits you with a +1 scimitar of flaming!
Erica burns you. Erica constricts you.
You completely miss Erica.
Erica hits you with a +1 scimitar of flaming!
Erica constricts you.
You slash Erica!
Your weapon exudes an aura of protection.
Erica is lightly wounded.
Erica casts a spell at you. The bolt of poison hits you!!
You are poisoned.
* * * LOW HITPOINT WARNING * * *
Erica constricts you.
* * * LOW HITPOINT WARNING * * *
You slash Erica!
Erica is moderately wounded.
* * * LOW HITPOINT WARNING * * *
You feel very sick.
Erica hits you with a +1 scimitar of flaming!
* * * LOW HITPOINT WARNING * * *
Erica constricts you.
You feel better.
Erica casts a spell.
Erica flickers and vanishes!
Deactivating autopickup; reactivate with Ctrl-A.
You are constricted.
* * * LOW HITPOINT WARNING * * *
You escape Erica's grasp.
You aren't carrying any items that you can evoke.
Okay, then.
Okay, then.
You feel better. You block something's attack. Something grabs you.
You are constricted.
* * * LOW HITPOINT WARNING * * *
You feel very mighty all of a sudden. Something hits you.
* * * LOW HITPOINT WARNING * * *
You are constricted.
* * * LOW HITPOINT WARNING * * *
Erica's grasp on you weakens, but your attempt to escape fails.
Something hits you but does no damage.
You are constricted.
You escape Erica's grasp.
Something hits you.
* * * LOW HITPOINT WARNING * * *
Something grabs you.
You are constricted.
You die...
Your body crumbles into a pile of gold.

#...#
##.##
##.#######
#........#
#..#####.#
#..# #.#
#..# #.#
#..# #.#
#..#
#@########
#..#
#.........
#..#
##########


There were no monsters in sight!

Vanquished Creatures
  Pikel (D:4)
  Maggie (D:7)
  2 yaks (D:7)
  2 steam dragons
  An acid dragon (D:7)
  Duvessa (D:4)
  2 orc warriors (D:7)
  An ice beast (D:7)
  2 ogres
  2 lemures (D:4)
  2 centaurs (D:7)
  3 phantoms
  2 bullfrogs
  5 kobold brigands
  A gnoll sergeant (D:7)
  6 scorpions
  5 wights (D:7)
  Dowan (D:4)
  A bombardier beetle (D:5)
  2 hounds (D:5)
  A jelly (D:5)
  A gnoll bouda (D:5)
  4 orc priests
  3 sleepcaps
  5 iguanas
  3 orc wizards
  8 gnolls
  14 adders
  3 river rats
  A white imp (D:7)
  2 ufetubi (D:6)
  3 dart slugs
  2 ribbon worms
  15 orcs
  7 endoplasms
  4 giant cockroaches
  9 goblins
  7 hobgoblins
  A jackal (D:5)
  6 quokkas
  6 ball pythons
  9 bats
  4 frilled lizards (D:1)
  21 kobolds
  13 rats
195 creatures vanquished.

Notes
Turn   | Place    | Note
-------+----------+-------------------------------------------
     0 | D:1      | TwadoKnight the Minotaur Fighter began the quest for the
                  | Orb.
     0 | D:1      | Reached XP level 1. HP: 19/19 MP: 0/0
   126 | D:1      | Reached XP level 2. HP: 27/27 MP: 1/1
   239 | D:1      | Reached skill level 4 in Armour
   285 | D:1      | Reached skill level 4 in Fighting
   285 | D:1      | Reached skill level 4 in Shields
   496 | D:2      | Found Acsieck's Magic Scroll Emporium.
   554 | D:2      | Reached skill level 3 in Axes
   588 | D:2      | Reached XP level 3. HP: 23/33 MP: 2/2
  1127 | D:3      | Found Barang's Book Shoppe.
  1207 | D:3      | Reached XP level 4. HP: 41/41 MP: 3/3
  1382 | D:3      | Found a glowing drain.
  1386 | Sewer    | Entered a sewer
  1398 | Sewer    | Noticed a kobold brigand
  1410 | Sewer    | Killed a kobold brigand
  1411 | Sewer    | Reached skill level 4 in Axes
  1411 | Sewer    | Reached XP level 5. HP: 41/47 MP: 4/4
  1443 | Sewer    | Reached skill level 5 in Fighting
  1470 | Sewer    | Reached skill level 5 in Shields
  1485 | Sewer    | Reached skill level 5 in Armour
  1485 | Sewer    | Reached XP level 6. HP: 56/56 MP: 5/5
  2482 | D:4      | Noticed Dowan
  2483 | D:4      | Noticed Duvessa
  2485 | D:4      | Found a basalt altar of Yredelemnul.
  2494 | D:4      | Killed Duvessa
  2495 | D:4      | Reached skill level 5 in Axes
  2495 | D:4      | Reached XP level 7. HP: 51/62 MP: 6/6
  2495 | D:4      | Found a shimmering blue altar of Sif Muna.
  2495 | D:4      | Found a blossoming altar of Fedhas.
  2495 | D:4      | Found a bloodstained altar of Trog.
  2495 | D:4      | Found a sacrificial altar of Ru.
  2495 | D:4      | Found a shadowy altar of Dithmenos.
  2499 | D:4      | Killed Dowan
  2500 | D:4      | Reached skill level 6 in Shields
  2674 | D:4      | Reached skill level 6 in Fighting
  2674 | D:4      | Reached skill level 6 in Armour
  2763 | D:4      | Noticed Pikel
  2774 | D:4      | Killed Pikel
  2775 | D:4      | Reached skill level 6 in Axes
  2775 | D:4      | Reached skill level 7 in Shields
  2775 | D:4      | Reached XP level 8. HP: 35/71 MP: 7/7
  2918 | D:4      | Got the Thoughts on Scorched Shades
  3231 | D:5      | Entered Level 5 of the Dungeon
  3239 | D:5      | Reached skill level 7 in Fighting
  3239 | D:5      | Reached skill level 7 in Armour
  3472 | D:5      | Found Baxzut's Assorted Antiques.
  3488 | D:5      | Bought 2 yellow potions for 46 gold pieces
  4025 | D:5      | Found an ancient bone altar of Kikubaaqudgha.
  4081 | D:5      | Reached skill level 7 in Axes
  4577 | D:6      | Reached skill level 8 in Fighting
  4577 | D:6      | Reached skill level 8 in Shields
  4577 | D:6      | Reached XP level 9. HP: 78/81 MP: 8/8
  4584 | D:6      | Reached skill level 8 in Armour
  5216 | D:7      | Found Motatay's Book Shoppe.
  5420 | D:7      | Reached skill level 8 in Axes
  5588 | D:7      | HP: 1/79 [wight/+6 mace (7)]
  5589 | D:7      | Reached skill level 9 in Fighting
  5589 | D:7      | Reached skill level 9 in Armour
  5589 | D:7      | Reached skill level 9 in Shields
  6065 | D:7      | Noticed Maggie
  6074 | D:7      | Killed Maggie
  6220 | D:7      | Found a staircase to the Ecumenical Temple.
  6227 | D:7      | Reached skill level 9 in Axes
  6227 | D:7      | Reached XP level 10. HP: 59/91 MP: 9/9
  6238 | Temple   | Entered the Ecumenical Temple
  6248 | Temple   | Became a worshipper of Gozag Ym Sagoz the Greedy
  6404 | D:8      | Found a broken altar of Ashenzari.
  6405 | D:8      | Noticed a gargoyle
  6718 | D:8      | Noticed Erica
  6732 | D:8      | HP: 1/92 [something (5)]
  6732 | D:8      | Constricted to death by Erica

Illustrated notes

Levels and vault maps discovered:
D:1:      lightli_molten_gateway, layout_basic, nicolae_titane
D:2:      layout_basic, serial_shops, shop, minmay_misc_feat_roman,
          minmay_3d_cube
D:3:      kennysheep_big_flooded_room, layout_basic, serial_shops, shop,
          gup_sewer_entry_spiral, minmay_joined_circles
D:4:      layout_rooms, minitemple, interstate_on_off, uniq_pikel, uniq_duvessa
D:5:      layout_cave_pods, kiku_gazebo_pond_becter, serial_shops, shop,
          minmay_fractal_squares_5
D:6:      layout_rooms
D:7:      layout_gridville, minmay_temple_entry_proselytizer,
          nicolae_ossuary_entry_ruins, serial_shops,
          nicolae_inconvenience_store, nicolae_underground_beach, uniq_maggie
D:8:      layout_loops_ring, elyvilon_altar_1,
          mainiacjoe_overflow_concentric_impassable, uniq_erica
Temple:   chequers_temple_sunken

Skill      XL: |  1  2  3  4  5  6  7  8  9 |
---------------+----------------------------+-----
Armour         | 4 5 6 7 9 |  9.6
Fighting       | 4 5 6 8 9 |  9.6
Shields        | 4 5 7 8 9 |  9.6
Axes           | 3 4 5 6 7 9 |  9.2

Action                     |  1- 3 |  4- 6 |  7- 9 | 10-12 || total
---------------------------+-------+-------+-------+-------++-------
  Melee: War axe           |   109 |   202 |   221 |    34 ||   566
         Headbutt          |     7 |    21 |    38 |     6 ||    72
    Use: Scroll            |     7 |       |     2 |       ||     9
         Potion            |       |       |     2 |     3 ||     5
 Armour: Scale mail        |    90 |   144 |   196 |       ||   430
         Steam dragon scal |       |       |     5 |    57 ||    62
  Dodge: Dodged            |    40 |    74 |   106 |    20 ||   240
  Block: Buckler           |    24 |    46 |    90 |    16 ||   176

Table legend: (Time is in decaauts)
 A = Elapsed time spent in this place.
 B = Non-inter-level travel time spent in this place.
 C = Inter-level travel time spent in this place.
 D = Time resting spent in this place.
 E = Time spent auto-exploring this place.
 F = Levels seen in this place.
 G = Mean time per level.
                   A        B        C        D        E       F      G
               +--------+--------+--------+--------+--------+-----+--------+
         Total |   6966 |   6676 |    290 |    591 |   4553 |  10 |  696.6 |
       Dungeon |   6423 |   6152 |    271 |    574 |   4306 |   8 |  802.9 |
        Temple |     22 |      3 |     19 |      0 |      0 |   1 |   22.0 |
         Sewer |    521 |    521 |      0 |     17 |    247 |   1 |  521.0 |
               +--------+--------+--------+--------+--------+-----+--------+

Top non-repeatable levels by time:
     D:7: 1664 daAuts
     D:5: 1224 daAuts
     D:3: 1057 daAuts
     D:4: 808 daAuts
     D:2: 549 daAuts
     D:6: 538 daAuts
   Sewer: 521 daAuts
     D:1: 519 daAuts
     D:8: 61 daAuts
  Temple: 22 daAuts
